 Dungeon Crawl Stone Soup version 0.30.1-4-g462c640d31 (webtiles) character file.

Game seed: 16937773843330313376

92 Infernotoast the Cudgeller (level 5, -7/40 (46) HPs)
             Began as a Meteoran Cinder Acolyte on Aug 14, 2023.
             Was an Initiate of Ignis.
             Mangled by Duvessa
             ... wielding a +1 rapier of draining
              (9 damage)
             ... on level 4 of the Dungeon.
             The game lasted 00:12:35 (1230 turns).

Infernotoast the Cudgeller (MeCA)                   Turns: 1230, Time: 00:12:36

HP:   -7/40 (46)    AC:  2    Str: 16    XL:     5   Next: 14%
MP:   8/8           EV:  8    Int: 17    God:    Ignis [......]
Gold: 86            SH:  0    Dex:  9    Spells: 6/6 levels left

rFire   + . .        a - -1 mace (flame)
rCold   . . .        (no shield)
rNeg    . . .        b - +0 robe
rPois   .            (no helmet)
rElec   .            (no cloak)
rCorr   .            (no gloves)
SInv    .            (no boots)
Will    +....        (no amulet)
Stlth   +            j - ring of willpower
HPRegen 0.26/turn    (no ring)
MPRegen 0.11/turn

%: no passive effects
@: glowing, constricted, heavily drained
A: sense surroundings 1, otherworldly, glowing, explore regen
a: Renounce Religion


You were on level 4 of the Dungeon.
You worshipped Ignis.
Ignis was noncommittal.
You visited 1 branch of the dungeon, and saw 4 of its levels.

You collected 86 gold pieces.

Inventory:

Hand Weapons
 a - a -1 mace of flaming (weapon)
Armour
 b - a +0 robe (worn)
Jewellery
 g - a ring of protection from cold
 h - a ring of ice
 j - a ring of willpower (left hand)
Wands
 i - a wand of paralysis (6) (quivered)
Scrolls
 c - a scroll of blinking
 d - a scroll of immolation {unknown}
 e - a scroll of fear {unknown}
 k - a scroll of vulnerability {unknown}
Potions
 f - 2 potions of mutation {unknown}


   Skills:
 + Level 4.1 Fighting
 + Level 5.1 Maces & Flails
 + Level 1.6 Dodging
 + Level 0.2 Stealth
 + Level 1.3 Spellcasting
 + Level 4.3 Fire Magic


You had 6 spell levels left.
You didn't know any spells.
Your spell library contained the following spells:

 Spells                   Type           Power      Damage    Failure   Level
 Scorch                   Fire           30%        2d6       5%          2
 Summon Lightning Spire   Summ/Air       1%         N/A       90%         4
 Storm Form               Tmut/Air       0%         N/A       100%        7
 Maxwell's Capacitive Co  Air            0%         ∞         100%        8


Dungeon Overview and Level Annotations

Branches:
Dungeon (4/15) Zot: 1120
 Temple: D:4-7

Altars:
Yredelemnul

Annotations:
D:4 Dowan, Duvessa


Innate Abilities, Weirdness & Mutations

You passively map a small area around you.
You are easily found by Zot.
You glow in the dark.
You regain HP and MP as you explore.


Message History

The ball python suddenly stops moving!
Aiming: Paralyse
Press: ? - help, Q - select action Shift-Dir - straight line, f - Duvessa, p - Dowan
Aim: Duvessa, wielding a +1 rapier of draining and wearing a +0 leather armour (chance to affect: 31%) Duvessa easily resists.
Aiming: Paralyse
Press: ? - help, Q - select action Shift-Dir - straight line, f/p - Duvessa
Aim: Duvessa, wielding a +1 rapier of draining and wearing a +0 leather armour (chance to affect: 31%) Duvessa easily resists.
Aiming: Paralyse
Press: ? - help, Q - select action Shift-Dir - straight line, f/p - Duvessa
Aim: Duvessa, wielding a +1 rapier of draining and wearing a +0 leather armour (chance to affect: 31%) Duvessa easily resists.
Aiming: Paralyse
Press: ? - help, Q - select action Shift-Dir - straight line, f/p - Duvessa
Aim: Duvessa, wielding a +1 rapier of draining and wearing a +0 leather armour (chance to affect: 31%) Duvessa easily resists.
The ball python is no longer paralysed.
You hit Duvessa. You burn Duvessa.
Duvessa is lightly wounded.
Duvessa hits you with a +1 rapier of draining!
You feel drained.
You hit Duvessa but do no damage.
Duvessa is lightly wounded.
Duvessa hits you with a +1 rapier of draining!
You feel drained.
The ball python bites you but does no damage.
The ball python grabs you. The ball python constricts you.
Duvessa hits you with a +1 rapier of draining!
* * * LOW HITPOINT WARNING * * *
You feel drained.
* * * LOW HITPOINT WARNING * * *
You hit Duvessa. You burn Duvessa. Your punch misses Duvessa.
Duvessa is lightly wounded.
The ball python bites you.
* * * LOW HITPOINT WARNING * * *
The ball python constricts you.
* * * LOW HITPOINT WARNING * * *
Duvessa hits you with a +1 rapier of draining!
You die...

..# , * #.# ,, #.... *
,* #.# *,,######.e..,
#.# * .........# * # *
#)## .........## .#
#..### .<........##....
* #....#,
................ #>...#,
#.......eS#..... #....#
.#.......@.......
#....#,............#....
#....# #.......<.......,
#....#..#.........##....
#....#..##..............
#....#..#.........#####.
#<...#..#.....†)........
,
####.#.............####.
#.#.#..........## ,


You could see Duvessa, Dowan (paralysed) and a ball python.

Vanquished Creatures
  A sleepcap (D:4)
  2 adders (D:3)
  2 orcs
  4 ball pythons
  4 bats
  5 endoplasms
  A giant cockroach (D:3)
  5 hobgoblins
  7 jackals
  A quokka (D:2)
  2 frilled lizards
  A goblin (D:3)
  5 kobolds
  2 rats
42 creatures vanquished.

Vanquished Creatures (collateral kills)
  2 foxfires (D:3)
2 creatures vanquished.

Vanquished Creatures (others)
  117 foxfires
117 creatures vanquished.

Grand Total: 161 creatures vanquished

Notes
Turn   | Place    | Note
-------+----------+-------------------------------------------
     0 | D:1      | Infernotoast the Meteoran Cinder Acolyte began the quest
                  | for the Orb.
     0 | D:1      | Reached XP level 1. HP: 19/19 MP: 3/3
    51 | D:1      | Reached XP level 2. HP: 9/26 MP: 5/5
   483 | D:1      | Glimpsed the power of Zot.
   544 | D:1      | You fall into a shaft and drop 1 floor!
   574 | D:2      | Reached XP level 3. HP: 33/33 MP: 6/6
   710 | D:3      | Found a basalt altar of Yredelemnul.
   832 | D:3      | Found a faded altar of an unknown god.
   904 | D:3      | Reached XP level 4. HP: 40/40 MP: 7/7
   923 | D:3      | Reached skill level 1 in Dodging
  1187 | D:4      | Reached skill level 5 in Maces & Flails
  1187 | D:4      | Reached XP level 5. HP: 46/46 MP: 8/8
  1220 | D:4      | Noticed Dowan
  1220 | D:4      | Noticed Duvessa
  1230 | D:4      | HP: 2/40 [constriction (1)]
  1230 | D:4      | Mangled by Duvessa

Illustrated notes

Levels and vault maps discovered:
D:1:      eino_arrival_tree_alley, layout_loops_ring, serial_rivers,
          chequers_serial_rivers_small_3, chequers_serial_rivers_small_3,
          chequers_serial_rivers_small_b, chequers_serial_rivers_micro_d
D:2:      layout_rooms
D:3:      layout_basic, lemuel_doored_altar, basic_ecumenical_altar,
          chequers_big_river, amcnicky_mini_pool_small,
          minmay_misc_feat_encased, minmay_strange_pillars, corexii_shack
D:4:      lemuel_castle_with_subvaults [lemuel_castle_interior_carwin_1],
          layout_rooms, nicolae_tso_swordbearing_angel,
          minmay_temple_entry_gardened_gates, uniq_blork_the_orc, uniq_duvessa,
          uniq_ijyb

Skill      XL: |  1  2  3  4 |
---------------+-------------+-----
Fire Magic     | 4 |  4.3
Dodging        | 1 |  1.6
Fighting       | 4 |  4.1
Maces & Flails | 5 |  5.1
Stealth        | |  0.2
Spellcasting   | |  1.3

Action                     |  1- 3 |  4- 6 || total
---------------------------+-------+-------++-------
  Melee: Mace              |    73 |    28 ||   101
         Punch             |     1 |       ||     1
 Invoke: Foxfire Swarm     |     7 |     2 ||     9
         Rising Flame      |     1 |       ||     1
  Evoke: Wand              |       |     6 ||     6
    Use: Scroll            |     3 |       ||     3
         Potion            |     1 |       ||     1
 Armour: Robe              |    26 |    14 ||    40
  Dodge: Dodged            |    43 |    11 ||    54
